AoeStats
← Dragon

Black Forest

506521835Analyzed
4v4 RM · 18d ago on Sep 13, 2026· 54m 48s· 8 players
Game mode
Random Map
Map size
Large (8 player)
Population
200
Speed
Normal
Resources
Standard
Victory
Conquest
Starting age
Dark Age
Ending age
Imperial Age
RankedLock teamsTeams togetherTeam positionsShared explorationLock speedFull tech treeHidden civsTurbo modeCheats
Victory
Defeat
🇻🇳 Hindustanis · Vietnam
1374
+15
🇩🇪 Spanish · Germany
1316
+18
🇩🇪 Persians · Germany
1314
+18
🇩🇪 Ethiopians · Germany
1313
+18
🇨🇳 Portuguese · China
1365
-19
🇩🇪 Malians · Germany
1360
-17
🇩🇴 Georgians · Dominican Republic
1348
-17
🇨🇳 Huns · China
1333
-16
Nicolukas
0:33 Loom
14:20 Feudal Age
16:29 Double-Bit Axe
19:12 Castle Age
18:12 Horse Collar
22:24 Bow Saw
22:59 Fishing Lines
26:23 Heavy Plow
28:06 Wheelbarrow
29:21 Scale Barding Armor
29:27 Forging
29:46 Hand Cart
30:48 Bloodlines
30:41 Husbandry
31:03 Chain Barding Armor
33:57 Imperial Age
32:33 Gold Mining
34:31 Iron Casting
34:25 Elite Monaspa
35:29 Conscription
35:18 Aznauri Cavalry
35:47 Light Cavalry
37:04 Plate Barding Armor
37:30 Blast Furnace
37:10 Hussar
40:29 Fletching
41:01 Ballistics
41:11 Bodkin Arrow
42:18 Chemistry
41:40 Masonry
41:44 Elite Skirmisher
42:25 Scale Mail Armor
42:29 Padded Archer Armor
42:33 Bracer
43:54 Leather Archer Armor
45:32 Architecture
45:09 Siege Engineers
45:02 Murder Holes
46:38 Redemption
46:44 Block Printing
46:50 Sanctity
Doris
12:32 Feudal Age
16:20 Castle Age
14:08 Loom
14:59 Wheelbarrow
14:19 Double-Bit Axe
14:16 Horse Collar
15:55 Fishing Lines
18:02 Bow Saw
19:43 Fervor
19:52 Hand Cart
21:28 Gillnets
22:18 Gold Mining
22:18 Stone Mining
23:16 Heavy Plow
24:25 Stone Mining
24:22 Treadmill Crane
26:48 Gold Shaft Mining
26:48 Stone Shaft Mining
26:29 Masonry
28:57 Imperial Age
27:20 Town Watch
27:53 Scale Barding Armor
27:59 Forging
27:40 Fletching
29:32 Chain Barding Armor
29:48 Iron Casting
30:04 Squires
29:49 Arson
30:36 Husbandry
30:47 Bloodlines
30:00 Cavalier
30:03 Light Cavalry
31:45 Plate Barding Armor
31:06 Bodkin Arrow
31:38 Farimba
32:59 Crop Rotation
33:36 Chemistry
32:56 Ballistics
32:47 Masonry
33:48 Conscription
34:04 Hoardings
36:20 Padded Archer Armor
36:23 Scale Mail Armor
39:59 Capped Ram
41:51 Guilds
42:11 Coinage
43:12 Caravan
48:49 Heavy Camel Rider
帝国新手
3:56 Loom
10:59 Feudal Age
11:38 Double-Bit Axe
16:06 Castle Age
13:58 Stone Mining
15:02 Fishing Lines
17:14 Bow Saw
18:00 Wheelbarrow
22:51 Horse Collar
23:54 Heavy Plow
25:08 Hand Cart
30:10 Imperial Age
27:39 Gillnets
28:07 Pikeman
28:48 Scale Mail Armor
28:59 Forging
29:00 Caravan
29:36 Ballistics
29:19 Circumnavigation
29:39 Gold Mining
31:56 Chemistry
31:48 Conscription
31:34 Arquebus
33:02 Two-Man Saw
32:43 Chain Mail Armor
33:14 Siege Engineers
33:28 Halberdier
35:33 Plate Mail Armor
35:39 Iron Casting
35:41 Elite Organ Gun
38:38 Blast Furnace
37:53 Guilds
39:54 Fletching
40:05 Padded Archer Armor
41:40 Bodkin Arrow
44:29 Bracer
45:12 Bombard Tower
48:38 Gambesons
48:13 Man-at-Arms
50:02 Leather Archer Armor
51:22 Ring Archer Armor
50:15 Elite Skirmisher
51:25 Scale Barding Armor
51:00 Crossbowman
SlyFever
0:45 Loom
13:45 Feudal Age
15:01 Double-Bit Axe
18:03 Castle Age
16:05 Fishing Lines
17:22 Scale Barding Armor
17:27 Forging
16:59 Horse Collar
19:01 Bow Saw
21:33 Chain Barding Armor
21:48 Iron Casting
22:00 Gillnets
24:32 Horse Collar
26:46 Bloodlines
27:59 Chain Barding Armor
28:14 Iron Casting
28:38 Iron Casting
29:45 Heavy Plow
30:42 Wheelbarrow
29:53 Town Watch
31:48 Gold Mining
35:09 Imperial Age
33:07 Hand Cart
33:37 Gold Shaft Mining
33:25 Husbandry
33:39 Fletching
33:49 Padded Archer Armor
34:12 Bodkin Arrow
35:44 Leather Archer Armor
35:38 Thumb Ring
35:01 Light Cavalry
35:57 Bracer
37:31 Two-Man Saw
37:19 Parthian Tactics
36:25 Heavy Cavalry Archer
37:51 Ballistics
39:09 Chemistry
40:43 Parthian Tactics
42:28 Plate Barding Armor
42:53 Blast Furnace
44:29 Hussar
45:13 Capped Ram
45:55 Caravan
46:57 Siege Ram
49:45 Scale Mail Armor
50:39 Stone Mining
50:29 Elite Skirmisher
52:11 Chain Mail Armor
54:34 Masonry
Dragon
1:00 Loom
12:08 Feudal Age
17:26 Castle Age
16:27 Double-Bit Axe
16:55 Horse Collar
18:04 Gold Mining
18:18 Padded Archer Armor
28:22 Imperial Age
27:05 Scale Mail Armor
27:32 Forging
28:28 Wheelbarrow
30:00 Fletching
30:26 Squires
29:47 Pikeman
32:11 Bodkin Arrow
32:37 Bow Saw
33:03 Bracer
33:02 Halberdier
35:51 Leather Archer Armor
37:20 Chemistry
36:54 Conscription
36:53 Stone Mining
37:18 Arson
37:50 Chain Mail Armor
38:10 Iron Casting
38:26 Heavy Plow
41:46 Scale Barding Armor
42:13 Plate Mail Armor
42:19 Iron Casting
48:23 Fortified Wall
48:27 Masonry
50:51 Conscription
siggi-lok
1:27 Loom
11:31 Feudal Age
15:45 Castle Age
21:29 Horse Collar
26:36 Wheelbarrow
25:46 Town Watch
32:12 Imperial Age
31:52 Scale Barding Armor
31:58 Forging
34:09 Pikeman
34:50 Squires
34:35 Arson
34:53 Halberdier
35:50 Forging
35:54 Scale Mail Armor
36:15 Chain Barding Armor
37:54 Chain Mail Armor
38:15 Iron Casting
38:18 Conscription
39:50 Plate Mail Armor
39:55 Plate Barding Armor
42:11 Double-Bit Axe
44:47 Blast Furnace
46:02 Elite War Elephant
50:16 Bow Saw
53:54 Fletching
55:16 Heavy Plow
Who am I
4:40 Loom
12:54 Feudal Age
14:51 Double-Bit Axe
17:10 Castle Age
15:29 Fishing Lines
15:42 Horse Collar
18:56 Wheelbarrow
18:44 Bow Saw
20:03 Hand Cart
21:03 Gillnets
23:52 Heavy Plow
25:18 Gold Mining
25:54 Stone Mining
26:42 Gold Shaft Mining
28:59 Stone Shaft Mining
29:14 Fletching
35:07 Imperial Age
33:23 Bodkin Arrow
33:29 Padded Archer Armor
33:38 Crossbowman
34:27 Thumb Ring
37:01 Chemistry
36:22 Ballistics
36:08 Siege Engineers
37:12 Two-Man Saw
36:13 Bracer
36:29 Leather Archer Armor
35:40 Arbalester
38:11 Conscription
37:58 Torsion Engines
44:03 Caravan
ost.nostalgia
6:35 Loom
11:29 Feudal Age
15:27 Castle Age
14:02 Double-Bit Axe
14:42 Fishing Lines
17:33 Bow Saw
18:06 Horse Collar
19:40 Heavy Plow
27:28 Imperial Age
26:19 Wheelbarrow
26:44 Padded Archer Armor
27:38 Hand Cart
29:11 Chemistry
28:33 Conscription
29:20 Scale Barding Armor
29:26 Forging
29:33 Grand Trunk Road
29:36 Shatagni
30:24 Husbandry
30:35 Bloodlines
29:50 Light Cavalry
30:16 Heavy Camel Rider
32:53 Imperial Camel Rider
34:20 Chain Barding Armor
35:06 Two-Man Saw
34:11 Caravan
37:29 Plate Barding Armor
37:13 Leather Archer Armor
37:35 Iron Casting
40:45 Ring Archer Armor
40:29 Masonry
40:24 Siege Engineers
41:38 Hussar
45:48 Blast Furnace
44:49 Siege Elephant
52:48 Coinage
54:33 Ballistics
Connection lost

Rejoining the realm…

Still unreachable

The connection could not be restored.

Session expired

The server has moved on; the page needs a fresh start.